 Seeded DCSS version 0.28-a0-1206-g193881aaa2 (webtiles) character file.

Game seed: 17753636173388036118 (custom seed)

214 flotson the Ducker (level 5, -11/33 (41) HPs)
             Began as a Demonspawn Gladiator on Dec 20, 2021.
             Engulfed by a cloud of flame (23 damage)
             ... on level 3 of the Dungeon.
             The game lasted 00:05:44 (2243 turns).

flotson the Ducker (Demonspawn Gladiator)           Turns: 2243, Time: 00:05:45

HP:   -11/33 (41)   AC: 14    Str: 17    XL:     5   Next: 60%
MP:   5/5           EV: 11    Int:  9    God:
Gold: 98            SH:  0    Dex: 14    Spells: 4/4 levels left

rFire   . . .      SeeInvis .   o - +3 quarterstaff (chaos)
rCold   . . .      Faith    .   (shield currently unavailable)
rNeg    . . .      Spirit   .   i - +0 scale mail
rPois   .          Reflect  .   c - +0 helmet
rElec   .          Harm     .   p - +0 cloak
rCorr   .          Rampage  .   (no gloves)
Will    +....                   (no boots)
Stlth   ..........              (no amulet)
HPRegen 0.11/turn               s - ring of willpower
MPRegen 0.18/turn               (no ring)

@: sanguine armoured, heavily drained
A: powered by death 2, magic regeneration, sanguine armour 1
a: no special abilities


You were on level 3 of the Dungeon.
You visited 1 branch of the dungeon, and saw 3 of its levels.

You collected 98 gold pieces.

Inventory:

Hand Weapons
 a - a +0 war axe
 o - a +3 quarterstaff of chaos (weapon)
Missiles
 d - 2 throwing nets (quivered)
 n - 3 poisoned darts
 q - 2 curare-tipped darts
Armour
 c - a +0 helmet (worn)
 i - a +0 scale mail (worn)
 p - a +0 cloak (worn)
Jewellery
 s - a ring of willpower (left hand)
Scrolls
 f - a scroll of amnesia {unknown}
 g - 5 scrolls of teleportation {unknown}
 k - a scroll of identify {unknown}
 l - a scroll of noise {unknown}
 m - a scroll of vulnerability {unknown}
Potions
 b - a potion of cancellation {unknown}
 e - a potion of degeneration {unknown}
 h - a potion of mutation {unknown}
 j - a potion of heal wounds {unknown}
 r - a potion of brilliance {unknown}


   Skills:
 + Level 3.4 Fighting
 - Level 2.6 Axes
 + Level 3.0 Throwing
 + Level 2.3 Armour
 + Level 3.6 Dodging


You had 4 spell levels left.
You didn't know any spells.
Your spell library contained the following spells:

 Spells                   Type           Power      Damage    Failure   Level
 Ensorcelled Hibernation  Hex/Ice        0%         N/A       90%         2
 Spider Form              Tmut/Pois      0%         N/A       99%         3


Dungeon Overview and Level Annotations

Branches:
Dungeon (3/15)

Altars:


Innate Abilities, Weirdness & Mutations

You regenerate health from kills.
You regenerate magic rapidly.
When seriously injured, your blood forms armour. (AC +6)


Message History

No target in view!
No target in view!
No target in view!
No target in view!
No target in view!
No target in view!
No target in view!
Things that are here:
a +0 club; a +0 hunting sling; 15 stones
Items here: ) [[ †.
Okay, then.
Unknown command.
Unknown command.
A kobold comes into view. It is wielding a +0 club.
The kobold shouts!
The kobold hits you but does no damage.
You sock the kobold! You freeze the kobold.
You kill the kobold!
No target in view!
No target in view!
No target in view!
No target in view!
No target in view!
No target in view!
Things that are here:
a +0 club; a kobold corpse You see here a +2 dagger of protection.
Things that are here:
a +0 club; a goblin skeleton
g - 5 scrolls labelled WAJEEZAOFU (gained 1)
You see here a +0 club.
Partly explored, can't reach some items and places.
Unknown command.
Really walk into a travel-excluded area?
You are engulfed in blazing flames.
Ouch! That really hurt!
Your blood congeals into armour.
You are engulfed in blazing flames.
Ouch! That really hurt!
You die...

#....# #☼○.# #.#..#.#..#
##....# #§..# #.#..#.#..#
#....#######...######.##.#.#...
#........§§.[/..§§§............
#....#..§§§.(.:.§§☼....<.....##
#....##.§§..$.(..§☼..####..##..
#....#######...#####..........#
#....# #§§°# #.#####..###
#....# #○§@# #........).)
###### #☼§§# #.#####...##
#...#####.# #.#.## ##........#
#.#.[. ########## #.#).. #.##..
#.#<.. #####.#.#. #.......#.


There were no monsters in sight!

Vanquished Creatures
  A hound (D:3)
  Terence (D:2)
  Crazy Yiuf (D:2)
  An iguana (D:3)
  Robin (D:3)
  2 adders (D:2)
  A worm (D:2)
  A dart slug (D:2)
  An orc (D:2)
  5 ball pythons
  5 endoplasms
  2 giant cockroaches (D:3)
  15 goblins
  6 hobgoblins
  4 kobolds
  2 quokkas (D:2)
  9 bats
  7 frilled lizards
  7 rats
72 creatures vanquished.

Vanquished Creatures (others)
  An endoplasm (D:3)
  2 plants
3 creatures vanquished.

Grand Total: 75 creatures vanquished

Notes
Turn   | Place    | Note
-------+----------+-------------------------------------------
     0 | D:1      | flotson the Demonspawn Gladiator began the quest for the
                  | Orb.
     0 | D:1      | Reached XP level 1. HP: 16/16 MP: 1/1
   202 | D:1      | Gained mutation: You regenerate a little health from kills.
                  | [demonic ancestry]
   202 | D:1      | Reached XP level 2. HP: 7/22 MP: 2/2
   614 | D:1      | Found a faded altar of an unknown god.
   829 | D:2      | Reached skill level 1 in Armour
   838 | D:2      | Gained mutation: You regenerate health from kills. [demonic
                  | ancestry]
   838 | D:2      | Reached XP level 3. HP: 25/28 MP: 3/3
   866 | D:2      | Noticed Terence
   947 | D:2      | Killed Terence
   948 | D:2      | Gained mutation: You regenerate magic rapidly. [demonic
                  | ancestry]
   948 | D:2      | Reached XP level 4. HP: 31/34 MP: 4/4
  1061 | D:2      | Found a runed translucent door.
  1062 | D:2      | Noticed Crazy Yiuf
  1472 | D:2      | Killed Crazy Yiuf
  1644 | D:3      | Gained mutation: When seriously injured, your blood forms
                  | armour. (AC +6) [demonic ancestry]
  1644 | D:3      | Reached XP level 5. HP: 41/41 MP: 5/5
  1747 | D:3      | Noticed Robin
  1976 | D:3      | Killed Robin
  2243 | D:3      | Engulfed by a cloud of flame

Illustrated notes

Levels and vault maps discovered:
D:1:      lightli_arrival_lavapool, layout_basic,
          dreamdust_ecumenical_altar_hidden_monk_grotto
D:2:      layout_rooms, serial_bayou_pond_b, hex_intersection,
          amcnicky_mini_pool_small, uniq_terence, uniq_crazy_yiuf_cottage
D:3:      layout_basic, lemuel_flame_loot_1, uniq_robin

Skill      XL: |  1  2  3  4  5 |
---------------+----------------+-----
Throwing       | 2 3 |  3.0
Armour         | 1 2 |  2.3
Dodging        | 3 |  3.6
Fighting       | 3 |  3.4
Axes           | |  2.6

Action                   |  1- 3 |  4- 6 || total
-------------------------+-------+-------++-------
Melee: War axe           |    84 |    32 ||   116
       Quarterstaff      |       |    53 ||    53
Throw: Dart              |     3 |     3 ||     6
       Throwing net      |     1 |     1 ||     2
Armor: Leather armour    |    39 |       ||    39
       Scale mail        |       |    55 ||    55
Dodge: Dodged            |    73 |    66 ||   139

Table legend: (Time is in decaauts)
 A = Elapsed time spent in this place.
 B = Non-inter-level travel time spent in this place.
 C = Inter-level travel time spent in this place.
 D = Time resting spent in this place.
 E = Time spent auto-exploring this place.
 F = Levels seen in this place.
 G = Mean time per level.
                   A        B        C        D        E       F      G
               +--------+--------+--------+--------+--------+-----+--------+
         Total |   2306 |   2138 |    168 |    159 |   1411 |   3 |  768.7 |
       Dungeon |   2306 |   2138 |    168 |    159 |   1411 |   3 |  768.7 |
               +--------+--------+--------+--------+--------+-----+--------+

Top non-repeatable levels by time:
     D:2: 996 daAuts
     D:1: 874 daAuts
     D:3: 434 daAuts
